 Dungeon Crawl Stone Soup version 0.17.1-3-g152610e (webtiles) character file.

4011 pornopis the Blocker (level 10, -6/85 HPs)
             Began as a Formicid Fighter on Feb 23, 2016.
             Was a Priest of Okawaru.
             Mangled by an orc warrior
             ... wielding a +0 long sword
              (14 damage)
             ... on level 1 of the Orcish Mines.
             The game lasted 00:45:42 (11054 turns).

pornopis the Blocker (Formicid Fighter)            Turns: 11054, Time: 00:45:42

Health: -6/85      AC: 11    Str: 24    XL:     10   Next: 47%
Magic:  10/10      EV:  6    Int:  8    God:    Okawaru [***...]
Gold:   522        SH:  0    Dex: 10    Spells: 0 memorised, 9 levels left

rFire  . . .     SeeInvis +     G - +7 whip of Jopear {slash, rPois MR- Stlth+}
rCold  . . .     Clarity  .     z - +0 plate armour
rNeg   . . .     SustAt   .     s - +0 large shield
rPois  +         Gourm    .     (helmet unavailable)
rElec  .         Spirit   .     (no cloak)
rCorr  .         Warding  .     (no gloves)
rMut   .         Stasis   +     (no boots)
MR     .....                    (no amulet)
Stlth  ..........               (no ring)
                                (no ring)

@: confused, invisible, not resistant to hostile enchantments, extremely
unstealthy
A: permanent stasis, dig shafts and tunnels, four strong arms, antennae 3
a: Dig, Shaft Self, Heroism, Renounce Religion


You were on level 1 of the Orcish Mines.
You worshipped Okawaru.
Okawaru was most pleased with you.
You were hungry.

You visited 3 branches of the dungeon, and saw 11 of its levels.

You collected 522 gold pieces.

Inventory:

Hand Weapons
 a - a +0 long sword
 h - a +1 halberd of chopping
 n - a +0 flail
 y - a +0 flail
 A - a +2 mace
 G - the +7 whip of Jopear (weapon) {slash, rPois MR- Stlth+}
   (You found it on level 7 of the Dungeon)

   It inflicts extra damage upon your enemies.
   It protects you from poison.
   It affects your resistance to hostile enchantments.
   It makes you more stealthy.
 N - a +0 mace of protection
Missiles
 r - 69 poisoned needles
 J - 2 throwing nets (quivered)
 M - 3 silver tomahawks
Armour
 b - a +0 scale mail
 c - a +0 shield
 j - a +0 chain mail
 s - a +0 large shield (worn)
 z - a +0 plate armour (worn)
Jewellery
 L - an uncursed ring of flight
Wands
 d - a wand of fireball (9)
 f - a wand of digging (9)
 t - a wand of paralysis (14)
 B - a wand of cold (4)
Scrolls
 g - a scroll of fear {unknown}
 i - 6 scrolls of remove curse
 l - 3 scrolls of random uselessness
 p - 3 scrolls of noise {unknown}
 q - 9 scrolls of identify
 v - 2 scrolls of amnesia
 E - 2 scrolls of recharging
 I - a scroll of teleportation {unknown}
Potions
 k - 2 potions of agility
 m - a potion of invisibility
 o - 2 potions of flight {unknown}
 w - a potion of resistance {unknown}
 C - 2 potions of haste {unknown}
 D - a potion of cancellation {unknown}
 F - a potion of ambrosia {unknown}
Comestibles
 e - 3 bread rations
 u - 4 meat rations
 x - a beef jerky
 H - 6 fruits
 K - a royal jelly


   Skills:
 * Level 10.3 Fighting
 - Level 2.4 Long Blades
 * Level 3.8 Armour
 + Level 13.2 Shields
 - Level 0.7 Evocations


You had 9 spell levels left.
You didn't know any spells.

Dungeon Overview and Level Annotations

Branches:
Dungeon (9/15)             Temple (1/1) D:5             Orc (1/4) D:9
   Lair: D:8-11

Altars:
Ashenzari
Cheibriados
Dithmenos
Elyvilon
Fedhas
Gozag
Kikubaaqudgha
Makhleb
Nemelex Xobeh
Okawaru
Qazlal
Sif Muna
Trog
Vehumet
Xom
Yredelemnul
Zin
The Shining One

Annotations:
D:5 Menkaure


Innate Abilities, Weirdness & Mutations

You are under a permanent stasis effect.
You can dig through walls and to a lower floor.
Your four strong arms can wield two-handed weapons with a shield.
You have a pair of large antennae on your head (SInv).


Message History

You kill the orc wizard!
Okawaru accepts your kill.
The orc warrior hits you with a long sword!
The orc wizard barely misses you. The orc wizard hits you with a dagger.
You bump into the rock wall.
The orc warrior hits you with a long sword!
* * * LOW HITPOINT WARNING * * *
The orc wizard hits you but does no damage.
Drink which item? (? for menu, Esc to quit)
Okay, then.
You bump into the rock wall.
The orc warrior hits you with a long sword!
* * * LOW HITPOINT WARNING * * *
The orc wizard hits you but does no damage.
Drink which item? (? for menu, Esc to quit)
It was a potion of invisibility.
You fade into invisibility!
The orc warrior hits you with a long sword!
You die...

..#.........>
##.#....#....
#....#...#...
#..))#...... ##.).....$..
##...#.....#
#####...#.....##
##.#...o#...#...#
#....).o@..###.#.
##.#....$##.## ## #
#.......##### .
##.#......## ##.
...........#####... ..
..........#...#....
.........................
....................##..#
.........#.........##.. .


You could see an orc warrior and an orc wizard (invisible).

Vanquished Creatures
  Grinder (D:6)
  A hippogriff (D:8)
  A hungry ghost (D:8)
  A water moccasin (D:6)
  An ice beast (D:6)
  5 orc warriors
  2 centaurs
  7 ogres
  2 big kobolds (D:9)
  3 giant frogs
  Blork the orc (D:4)
  A scorpion (D:4)
  4 wights (D:8)
  6 crimson imps
  A jelly (D:6)
  A centaur zombie (D:6)
  A giant frog zombie (D:8)
  2 centaur skeletons
  A quasit (D:8)
  A giant frog skeleton (D:5)
  3 hounds
  4 iguanas
  4 orc priests
  10 orc wizards
  2 worker ants
  2 hound skeletons
  10 gnolls
  10 adders
  A shadow imp (D:8)
  An ooze (D:4)
  An adder skeleton (D:8)
  An adder zombie (D:9)
  3 worms
  4 giant geckos
  51 orcs
  5 giant cockroaches
  11 goblins
  11 hobgoblins
  6 jackals
  6 quokkas
  3 ball pythons
  7 bats
  A giant gecko skeleton (D:5)
  A giant gecko zombie (D:8)
  4 giant newts
  17 kobolds
  A quokka zombie (D:6)
  7 rats
230 creatures vanquished.

Notes
Turn   | Place    | Note
--------------------------------------------------------------
     0 | D:1      | pornopis the Formicid Fighter began the quest for the Orb.
     0 | D:1      | Reached XP level 1. HP: 18/18 MP: 1/1
   261 | D:1      | Reached XP level 2. HP: 24/24 MP: 2/2
   843 | D:1      | Reached skill level 4 in Shields
   843 | D:1      | Reached XP level 3. HP: 29/29 MP: 3/3
  1240 | D:2      | Reached XP level 4. HP: 35/37 MP: 4/4
  2352 | D:3      | Reached skill level 5 in Shields
  2352 | D:3      | Reached XP level 5. HP: 41/43 MP: 5/5
  3180 | D:3      | Reached skill level 5 in Fighting
  3395 | D:4      | Reached XP level 6. HP: 48/51 MP: 6/6
  3404 | D:4      | Noticed Blork the orc
  3426 | D:4      | Killed Blork the orc
  3426 | D:4      | Reached skill level 6 in Shields
  3629 | D:4      | Noticed an ogre
  3768 | D:4      | Noticed an ogre
  3798 | D:5      | Entered Level 5 of the Dungeon
  3822 | D:5      | Found a bloodstained altar of Trog.
  4013 | D:5      | Noticed Menkaure
  4074 | D:4      | Killed an ogre
  4074 | D:4      | Reached XP level 7. HP: 16/57 MP: 7/7
  4397 | D:4      | Reached skill level 7 in Shields
  4559 | D:4      | Killed an ogre
  5378 | D:5      | Found a staircase to the Ecumenical Temple.
  5516 | D:5      | Reached XP level 8. HP: 57/65 MP: 8/8
  5525 | D:5      | Reached skill level 8 in Shields
  5622 | Temple   | Entered the Ecumenical Temple
  5723 | Temple   | Became a worshipper of Warmaster Okawaru
  6352 | D:6      | Reached skill level 9 in Shields
  6463 | D:6      | Reached * piety under Okawaru
  6574 | D:6      | Noticed Grinder
  6604 | D:6      | Killed Grinder
  6604 | D:6      | Reached skill level 10 in Shields
  6604 | D:6      | Reached XP level 9. HP: 72/74 MP: 9/9
  6645 | D:6      | Found a snail-covered altar of Cheibriados.
  7054 | D:7      | Got a crystal whip
  7055 | D:7      | Identified the +7 whip of Jopear {slash, rPois MR- Stlth+} (You found it on level 7 of the Dungeon)
  8031 | D:8      | Reached skill level 11 in Shields
  8073 | D:8      | Reached ** piety under Okawaru
  8339 | D:8      | Found a blossoming altar of Fedhas.
  8343 | D:8      | Found a stormy altar of Qazlal.
  8345 | D:8      | Found a glowing silver altar of Zin.
  8480 | D:8      | Found a deep blue altar of Sif Muna.
  8806 | D:8      | Reached skill level 12 in Shields
  8838 | D:8      | Reached XP level 10. HP: 38/83 MP: 10/10
  9374 | D:8      | Found a burning altar of Makhleb.
  9375 | D:8      | Found a shimmering altar of Xom.
  9742 | D:9      | Reached skill level 10 in Fighting
  9777 | D:9      | Reached *** piety under Okawaru
 10051 | D:9      | Reached skill level 13 in Shields
 10248 | D:9      | Found a staircase to the Orcish Mines.
 10314 | Orc:1    | Entered Level 1 of the Orcish Mines
 11054 | Orc:1    | Mangled by an orc warrior

Action                   |  1- 3 |  4- 6 |  7- 9 | 10-12 || total
-------------------------+-------+-------+-------+-------++-------
Melee: Long sword        |   116 |   264 |   139 |       ||   519
       Flail             |       |     4 |     2 |       ||     6
       Halberd           |       |       |   132 |       ||   132
       Whip              |       |       |   170 |   271 ||   441
 Fire: Hunting sling     |       |     2 |       |       ||     2
Evoke: Wand              |       |     2 |     8 |       ||    10
  Use: Scroll            |       |       |    10 |     2 ||    12
       Potion            |       |       |     2 |     2 ||     4
  Eat: Chunk             |     1 |     9 |    17 |     3 ||    30
       Pizza             |       |       |     1 |       ||     1
       Bread ration      |       |       |       |     1 ||     1
